Map: Ulrena

Players

LindyHop - Winner!

  • Race: Zerg Zerg
  • League: Platinum

LittleZodiac

  • Race: Zerg Zerg
  • League: Gold

VOD

Have the link to the VOD?

Description

Time

  • Played on: Jan. 9, 2016, 1:27 p.m.
  • Length: 3:16
Show
View Real Time Build Order
Export as new Build Order

LindyHop Zerg - Winner!

Build Orders: Pool Only 

Get SALT Encoding   

  12  0:20  Spawning Pool  
  11  0:23  Extractor  
  11  0:26  Drone  
  11  0:29  Drone  
  11  0:35  Drone  
  13  0:47  Overlord  
  13  0:51  Drone  
  14  1:08  Queen  
  16  1:11  Zergling x2  
  17  1:22  Zergling x2  
  17  1:25  Metabolic Boost  
  18  1:39  Zergling x2  
  20  1:40  Zergling x2  
  20  1:48  Zergling x2  
  20  1:51  Baneling Nest  
  20  2:04  Zergling x4  
  22  2:21  Overlord  
  22  2:36  Baneling  
  22  2:37  Baneling x4  
  22  2:40  Overlord  
  22  2:53  Zergling x6  
  22  2:56  Zergling x2  
Show
View Real Time Build Order
Export as new Build Order

LittleZodiac Zerg 

Build Orders: Pool Only 

Get SALT Encoding   

  12  0:04  Drone  
  13  0:18  Overlord  
  13  0:19  Drone  
  14  0:39  Drone, Spawning Pool  
  14  0:46  Drone  
  14  0:47  Drone  
  16  0:50  Extractor  
  16  0:57  Drone  
  16  1:04  Drone  
  17  1:13  Drone  
  18  1:26  Queen  
  18  1:28  Overlord  
  20  1:45  Zergling x4  
  22  1:49  Metabolic Boost  
  22  1:56  Zergling x2  
  23  2:08  Zergling x2  
  24  2:17  Zergling x2  
  24  2:21  Baneling Nest  
  24  2:36  Zergling x2  
  25  2:41  Zergling x2  
  26  2:46  Zergling x6  
Tags
 
Add a new tag
Caveats
  • Supply blocks, unpowered buildings, or Contaminate may cause inaccurate times.
  • Supply counts are checked every 10 seconds.